 Dungeon Crawl Stone Soup version 0.27.1-4-g1640c2035a (webtiles) character file.

Game seed: 14282170160104151058

92 Crownlay the Digger (level 4, -3/24 HPs)
             Began as a Gargoyle Earth Elementalist on Oct 30, 2021.
             Slain by a gnoll (12 damage)
             ... on level 2 of the Dungeon on Oct 31, 2021.
             The game lasted 00:03:59 (2059 turns).

Crownlay the Digger (Gargoyle Earth Elementalist)   Turns: 2059, Time: 00:03:59

Health: -3/24      AC:  5    Str: 12    XL:     4   Next: 60%
Magic:  3/9        EV: 11    Int: 16    God:
Gold:   75         SH:  5    Dex: 10    Spells: 6/10 levels left

rFire    . . .     SeeInvis .   h - staff of cold
rCold    + . .     Faith    .   (no shield)
rNeg     + . .     Spirit   .   b - +0 robe
rPois    ∞         Reflect  +   (no helmet)
rElec    +         Harm     .   (no cloak)
rCorr    .         Rampage  .   (no gloves)
Will     .....                  (no boots)
Stlth    ++........             g - amulet of reflection
HPRegen  0.08/turn              (no ring)
MPRegen  0.11/turn              (no ring)

@: no status effects
A: sickness immunity, AC +3, negative energy resistance 1, electricity
resistance, torment resistance 1, petrification resistance
a: no special abilities


You were on level 2 of the Dungeon.
You visited 1 branch of the dungeon, and saw 2 of its levels.

You collected 75 gold pieces.

Inventory:

Missiles
 c - 113 stones
Armour
 b - a +0 robe (worn)
Magical Staves
 h - a staff of cold (weapon)
Jewellery
 g - an amulet of reflection (around neck)
Scrolls
 a - a scroll of identify {unknown}
 f - 2 scrolls of amnesia {unknown}
Potions
 d - a potion of lignification {unknown}
 e - a potion of heal wounds {unknown}


   Skills:
 - Level 1.5 Dodging
 - Level 2.1 Stealth
 * Level 3.7 Spellcasting
 - Level 0.7 Transmutations
 + Level 0.1 Ice Magic
 + Level 4.6 Earth Magic


You had 6 spell levels left.
You knew the following spells:

 Your Spells              Type           Power      Damage    Failure   Level
a - Sandblast             Erth           34%        2d9       2%          1
b - Frozen Ramparts       Ice            10%        1d3       43%         3

Your spell library contained the following spells:

 Spells                   Type           Power      Damage    Failure   Level
 Passwall                 Tmut/Erth      9%         N/A       9%          2
 Stone Arrow              Conj/Erth      20%        3d8       21%         3
 Ensorcelled Hibernation  Hex/Ice        8%         N/A       26%         2
 Spider Form              Tmut/Pois      2%         N/A       41%         3
 Petrify                  Tmut/Erth      11%        N/A       50%         4
 Ice Form                 Ice/Tmut       6%         N/A       82%         4
 Summon Ice Beast         Ice/Summ       4%         N/A       86%         4
 Shadow Creatures         Summ           N/A        N/A       100%        6


Dungeon Overview and Level Annotations

Branches:
Dungeon (2/15)

Altars:


Innate Abilities, Weirdness & Mutations

You are immune to sickness and miasma.
Your stone body is resilient. (AC +3)
You are immune to poison.
You resist negative energy. (rN+)
You are resistant to electric shocks. (rElec)
You are resistant to unholy torment.
You are immune to petrification.


Message History

You kill the gnoll!
You see here a +0 halberd.
You stumble into a teleport trap!
You are suddenly yanked towards some nearby monsters!
Your surroundings suddenly seem different.
A ball python, a rat and a giant cockroach come into view.
Found a scale mail.
Found a faded altar of an unknown god.
The giant cockroach moves out of view.
The blast of sand hits the rat!
You kill the rat!
The blast of sand misses the ball python.
The blast of sand hits the ball python!
You kill the ball python!
A gnoll is nearby!
Found a whip and 11 gold pieces.
The gnoll shouts!
You can't see any susceptible monsters within range! (Use Z to cast anyway.)
The blast of sand hits the gnoll.
The gnoll is heavily wounded.
The blast of sand hits the gnoll.
The gnoll is severely wounded.
The gnoll closely misses you.
The blast of sand hits the gnoll!
The gnoll is severely wounded.
You block the gnoll's attack.
A frilled lizard comes into view.
The gnoll hits you from afar with a +0 halberd!
Ouch! That really hurt!
You are too injured to fight recklessly!
Casting: Sandblast (safe; 2% risk of failure)
Confirm with . or Enter, or press ? or * to list all spells.
Aiming: Sandblast (safe; 2% risk of failure)
Press: ? - help, Shift-Dir - straight line, f/p - gnoll
Aim: a gnoll, wielding a +0 whip (severely wounded, 82% to hit)
The blast of sand hits the gnoll!
You kill the gnoll!
The frilled lizard hisses angrily.
The gnoll hits you from afar with a +0 halberd!
Ouch! That really hurt!
You die...

.......... #.#
###........
#######.##
.........#........#
.........#........#
...........[......#
..........8.8.....#
.........)._......#
....###....g..†...#
.l..B.)@....#
............#
......###...#
...... #...# #....
#...# #.... #.$.#
#... #...# #...
...# ### #..


You could see a gnoll, a giant cockroach and a frilled lizard.

Vanquished Creatures
  Jessica (D:2)
  Natasha (D:2)
  2 gnolls (D:2)
  An adder (D:2)
  A dart slug (D:1)
  3 ball pythons
  2 bats (D:2)
  An endoplasm (D:1)
  2 giant cockroaches
  A goblin (D:2)
  2 hobgoblins (D:2)
  A frilled lizard (D:1)
  3 kobolds (D:1)
  4 rats
25 creatures vanquished.

Notes
Turn   | Place    | Note
-------+----------+-------------------------------------------
     0 | D:1      | Crownlay the Gargoyle Earth Elementalist began the quest
                  | for the Orb.
     0 | D:1      | Reached XP level 1. HP: 10/10 MP: 3/3
     0 | D:1      | Upgraded the game from 0.27.1-3-gb3d3a73c9e to
                  | 0.27.1-4-g1640c2035a
   528 | D:1      | Reached XP level 2. HP: 14/15 MP: 5/5
  1202 | D:2      | Reached skill level 4 in Earth Magic
  1244 | D:2      | Noticed Natasha
  1250 | D:2      | Killed Natasha
  1251 | D:2      | Reached XP level 3. HP: 19/19 MP: 1/7
  1848 | D:2      | Noticed Jessica
  1857 | D:2      | Killed Jessica
  1858 | D:2      | Reached XP level 4. HP: 24/24 MP: 6/9
  1952 | D:2      | Learned a level 3 spell: Frozen Ramparts
  2048 | D:2      | Found a faded altar of an unknown god.
  2059 | D:2      | Slain by a gnoll

Illustrated notes

Levels and vault maps discovered:
D:1:      eino_arrival_water_cross, layout_loops_corners
D:2:      layout_basic, dreamdust_ecumenical_altar_statues,
          kennysheep_generic_room_8, uniq_jessica, uniq_natasha

Skill      XL: |  1  2 |
---------------+-------+-----
Earth Magic    | 4 |  4.6
Spellcasting   | 3 |  3.7
Dodging        | |  1.5
Stealth        | |  2.1
Transmutations | |  0.7
Ice Magic      | |  0.1

Action                   |  1- 3 |  4- 6 || total
-------------------------+-------+-------++-------
Melee: Club              |    31 |       ||    31
       Staff             |    32 |     2 ||    34
 Cast: Sandblast         |     9 |     9 ||    18
 Stab: Sleeping          |     1 |     1 ||     2
Armor: Robe              |    17 |       ||    17
Dodge: Dodged            |    38 |     2 ||    40
Block: Other             |    16 |     2 ||    18
